Map: Terraform LE (Void)

Players

Lilbow

  • Race: Protoss Protoss
  • League: Master

NoRegreT - Winner!

  • Race: Zerg Zerg
  • League: Master

VOD

Have the link to the VOD?

Description

Time

  • Played on: Oct. 21, 2015, 11:54 a.m.
  • Length: 13:00
Show
View Real Time Build Order
Export as new Build Order

Lilbow Protoss 

Build Orders: 1 Gate Expand 

Get SALT Encoding   

  12  0:01  Probe (Chrono Boost)  
  13  0:11  Probe (Chrono Boost)  
  14  0:17  Pylon  
  14  0:22  Probe (Chrono Boost)  
  16  0:35  Probe (Chrono Boost)  
  16  0:36  Gateway  
  16  0:46  Probe (Chrono Boost)  
  17  0:56  Probe (Chrono Boost)  
  18  1:07  Probe (Chrono Boost)  
  19  1:14  Nexus  
  19  1:18  Probe (Chrono Boost)  
  20  1:22  Assimilator  
  20  1:28  Probe (Chrono Boost)  
  20  1:29  Assimilator  
  21  1:36  Pylon  
  21  1:39  Probe (Chrono Boost)  
  22  1:48  Cybernetics Core  
  22  1:51  Probe (Chrono Boost)  
  23  1:57  Zealot  
  25  2:02  Probe (Chrono Boost)  
  26  2:12  Probe (Chrono Boost)  
  28  2:22  Probe (Chrono Boost)  
  28  2:24  Mothership Core (Chrono Boost)  
  28  2:25  Adept (Chrono Boost)  
  28  2:27  Warp Gate  
  32  2:34  Probe (Chrono Boost)  
  33  2:45  Probe (Chrono Boost)  
  33  2:46  Probe (Chrono Boost)  
  33  2:49  Sentry  
  37  2:55  Probe (Chrono Boost)  
  37  2:57  Probe (Chrono Boost)  
  39  3:06  Probe (Chrono Boost)  
  39  3:07  Probe (Chrono Boost), Nexus  
  41  3:13  Pylon  
  41  3:17  Probe (Chrono Boost)  
  41  3:18  Probe (Chrono Boost)  
  43  3:24  Sentry  
  45  3:27  Probe (Chrono Boost)  
  45  3:30  Probe (Chrono Boost)  
  45  3:37  Gateway  
  45  3:38  Probe (Chrono Boost)  
  45  3:40  Gateway  
  46  3:42  Pylon  
  46  3:43  Probe (Chrono Boost)  
  47  3:49  Probe (Chrono Boost)  
  47  3:50  Assimilator  
  47  3:51  Sentry  
  47  3:54  Probe (Chrono Boost)  
  51  3:57  Robotics Facility  
  51  4:01  Probe (Chrono Boost), Pylon  
  52  4:07  Probe (Chrono Boost), Assimilator  
  53  4:11  Phoenix  
  53  4:12  Probe (Chrono Boost)  
  53  4:16  Pylon  
  54  4:17  Probe (Chrono Boost)  
  54  4:20  Probe (Chrono Boost)  
  54  4:22  Probe (Chrono Boost)  
  57  4:28  Probe (Chrono Boost)  
  57  4:31  Probe (Chrono Boost)  
  59  4:33  Sentry x2, Probe (Chrono Boost)  
  59  4:34  Sentry  
  67  4:38  Probe (Chrono Boost)  
  67  4:41  Probe (Chrono Boost)  
  67  4:43  Probe (Chrono Boost)  
  67  4:44  Warp Prism (Chrono Boost)  
  71  4:47  Probe (Chrono Boost)  
  71  4:49  Pylon  
  71  4:50  Probe  
  73  4:54  Probe  
  73  4:57  Sentry x2, Adept  
  73  4:58  Probe, Gateway  
  81  5:00  Probe  
  82  5:08  Pylon  
  82  5:09  Pylon  
  82  5:14  Probe  
  82  5:16  Probe  
  88  5:21  Adept x3  
  88  5:22  Immortal (Chrono Boost)  
  88  5:26  Forge  
  94  5:30  Twilight Council  
  94  5:43  Adept x3  
  100  5:58  Immortal (Chrono Boost)  
  100  6:01  Blink  
  104  6:10  Protoss Ground Weapons Level 1 (Chrono Boost)  
  104  6:11  Zealot x2  
  104  6:18  Stalker  
  104  6:19  Stalker x3  
  104  6:24  Gateway  
  112  6:25  Gateway  
  112  6:26  Gateway x2  
  112  6:27  Pylon  
  112  6:28  Gateway  
  112  6:36  Photon Cannon  
  112  6:38  Photon Cannon x2  
  112  6:40  Pylon  
  112  6:41  Pylon  
  112  6:43  Pylon  
  112  6:45  Pylon  
  112  6:51  Stalker x2  
  112  6:52  Stalker x2  
  120  7:06  Warp Prism (Chrono Boost)  
  120  7:15  Photon Cannon  
  114  7:18  Pylon  
  114  7:20  Stalker x5  
  114  7:21  Stalker x2  
  128  7:26  Stalker x2  
  132  7:46  Stalker x5  
  134  8:03  Stalker x4  
  142  8:11  Zealot x4  
  142  8:12  Zealot  
  146  8:28  Stalker x4  
  146  8:32  Stalker x3  
  158  8:49  Stalker x2  
  162  8:58  Stalker  
  99  11:05  Pylon  
  99  11:06  Pylon  
  99  11:09  Pylon  
  97  11:12  Pylon  
  91  11:22  Phoenix  
Show
View Real Time Build Order
Export as new Build Order

NoRegreT Zerg - Winner!

Build Orders: 3 Hatch before Pool, Lurkers 

Get SALT Encoding   

  12  0:02  Drone  
  13  0:08  Drone  
  14  0:20  Extractor  
  14  0:21  Drone x2, Extractor  
  14  0:26  Overlord  
  16  0:54  Hatchery  
  16  0:55  Drone  
  16  0:57  Drone  
  16  1:01  Drone  
  18  1:12  Drone  
  19  1:28  Hatchery  
  19  1:31  Drone  
  19  1:32  Extractor  
  18  1:41  Spawning Pool  
  18  1:43  Drone  
  18  1:47  Drone  
  18  1:52  Drone  
  20  2:00  Drone  
  21  2:07  Drone  
  22  2:13  Drone  
  23  2:18  Drone  
  24  2:22  Evolution Chamber  
  24  2:23  Drone  
  24  2:29  Queen  
  27  2:31  Drone  
  27  2:36  Overlord  
  28  2:39  Queen  
  28  2:40  Metabolic Boost  
  28  2:43  Drone  
  31  2:49  Evolution Chamber  
  31  2:51  Drone  
  31  2:52  Drone  
  31  2:56  Drone  
  31  2:57  Drone  
  34  3:00  Drone  
  34  3:03  Drone  
  36  3:08  Queen  
  38  3:21  Zerg Melee Weapons Level 1  
  37  3:29  Spore Crawler  
  37  3:34  Drone x2  
  37  3:35  Drone x3  
  37  3:36  Overlord  
  37  3:39  Overlord  
  42  3:55  Drone x2  
  43  3:56  Drone x3  
  43  3:57  Drone  
  43  4:00  Drone x3  
  43  4:01  Drone  
  52  4:03  Hatchery, Drone  
  52  4:08  Overlord  
  52  4:10  Lair  
  52  4:15  Zergling x6  
  55  4:20  Overlord  
  55  4:21  Zergling x4  
  55  4:22  Zergling x2  
  58  4:27  Extractor x2  
  58  4:28  Extractor  
  58  4:29  Zergling x6  
  58  4:32  Drone  
  58  4:37  Zergling x10  
  64  4:44  Overlord  
  65  4:45  Drone x2  
  65  4:49  Overlord  
  66  5:00  Overlord  
  65  5:10  Drone  
  65  5:16  Drone  
  65  5:18  Drone x2  
  65  5:19  Drone x2, Spire  
  65  5:20  Drone x2, Extractor  
  65  5:21  Drone x3  
  69  5:22  Drone x2, Queen  
  69  5:24  Extractor  
  74  5:31  Zergling x4  
  74  5:32  Zergling x2  
  74  5:33  Zergling x6  
  74  5:34  Zergling x6  
  83  5:36  Zergling x2  
  83  5:39  Zerg Melee Weapons Level 2  
  83  5:42  Zergling x2  
  85  5:48  Zergling x10  
  90  5:52  Overlord  
  90  6:05  Overlord  
  89  6:15  Zergling x8  
  89  6:16  Zergling x4  
  94  6:20  Overlord  
  94  6:22  Overlord  
  94  6:31  Mutalisk x5  
  104  6:38  Mutalisk  
  106  6:41  Mutalisk x6  
  106  6:45  Drone x2  
  120  6:51  Overlord  
  120  6:55  Overlord  
  120  6:59  Evolution Chamber  
  120  7:01  Mutalisk  
  119  7:03  Overlord  
  118  7:15  Mutalisk x3  
  121  7:16  Mutalisk x2  
  121  7:19  Overlord  
  127  7:26  Overlord, Mutalisk  
  127  7:28  Zergling x2  
  127  7:29  Zergling x10  
  135  7:33  Overlord  
  135  7:39  Hydralisk Den, Zergling x2  
  135  7:40  Overlord  
  135  8:00  Mutalisk x5, Lurker Den  
  135  8:03  Zergling x8  
  149  8:06  Drone x2  
  149  8:09  Zergling x4  
  135  8:27  Hydralisk x2  
  135  8:28  Hydralisk x3  
  135  8:30  Hydralisk  
  143  8:44  Hydralisk  
  143  8:45  Hydralisk x2  
  143  8:46  Zergling x8  
  143  8:47  Zergling x12  
  159  8:48  Overlord  
  159  8:54  Overlord  
  158  8:57  Zergling x4  
  144  9:26  Lurker x2  
  144  9:29  Lurker x3  
  144  9:30  Lurker x2  
  145  9:31  Zergling x8  
  145  9:33  Zergling x4  
  143  9:42  Zergling x2  
  104  9:59  Overlord  
  101  10:00  Overlord  
  101  10:03  Spine Crawler  
  101  10:04  Spine Crawler  
  101  10:05  Spine Crawler  
  101  10:06  Spine Crawler  
  94  10:07  Spine Crawler  
  94  10:08  Spine Crawler  
  94  10:10  Spine Crawler  
  94  10:11  Spine Crawler x2  
  94  10:13  Spine Crawler  
  88  10:16  Overseer  
  93  10:52  Hatchery  
  81  12:16  Overlord x2  
  81  12:40  Spawning Pool  
Tags
 
Add a new tag
Caveats
  • Supply blocks, unpowered buildings, or Contaminate may cause inaccurate times.
  • Supply counts are checked every 10 seconds.